 Dungeon Crawl Stone Soup version 0.31-a0-978-g1e143483b6 (webtiles) character file.

Game seed: 4777294668792529612

70 Persephone the Chopper (level 4, -3/35 HPs)
             Began as a Demonspawn Berserker on Oct 30, 2023.
             Was a Believer of Trog.
             Slain by Jessica
             ... wielding a +1 dagger of venom
              (4 damage)
             ... on level 2 of the Dungeon.
             The game lasted 00:03:18 (1567 turns).

Persephone the Chopper (Demonspawn Berserker)       Turns: 1567, Time: 00:03:19

Health: -3/35      AC:  8    Str: 19    XL:     4   Next: 3%
Magic:  4/4        EV: 10    Int:  9    God:    Trog [**....]
Gold:   66         SH:  0    Dex: 12    Spells: 3/3 levels left

rFire   . . .        a - +0 hand axe
rCold   . . .        (no shield)
rNeg    . . .        l - +0 scale mail
rPois   .            (helmet restricted)
rElec   .            (no cloak)
rCorr   .            (no gloves)
SInv    .            (no boots)
Will    .....        (no amulet) Stlth
                     (no ring)
HPRegen 0.25/turn    (no ring)
MPRegen 0.09/turn

%: no passive effects
@: lethally poisoned (-3 -> -14)
A: horns 1, yellow scales 1
a: Renounce Religion, Berserk, Trog's Hand


You were on level 2 of the Dungeon.
You worshipped Trog.
Trog was pleased with you.
You visited 1 branch of the dungeon, and saw 2 of its levels.

You collected 66 gold pieces.

Inventory:

Hand Weapons
 a - a +0 hand axe (weapon)
Armour
 b - a +0 animal skin
 l - a +0 scale mail (worn)
Jewellery
 f - a ring of protection from fire
 j - an amulet of guardian spirit
Scrolls
 e - a scroll of teleportation {unknown}
 k - a scroll of acquirement {unknown}
Potions
 c - 2 potions of curing {unknown}
 d - a potion of mutation {unknown}
 h - a potion of degeneration {unknown}
 i - a potion of lignification {unknown}


   Skills:
 - Level 3.0 Fighting
 + Level 4.5 Axes
 - Level 1.7 Armour
 - Level 1.7 Dodging


You had 3 spell levels left.
You didn't know any spells.
Your spell library was empty.

Dungeon Overview and Level Annotations

Branches:
Dungeon (2/15)

Altars:

Annotations:
D:2 Jessica


Innate Abilities, Weirdness & Mutations

You have a pair of small horns on your head.
You are partially covered in yellow scales. (AC +2)


Message History

The worm bites you.
You slash the worm! You headbutt the worm.
You kill the worm!
Trog accepts your kill.
You have reached level 4!
You feel clever.
You see here a worm corpse.
Key pressed, stopping explore.
You open the door.
Jessica the Apprentice Sorceress comes into view.
She is wielding a +1 dagger of venom.
Jessica mumbles some strange words.
Jessica seems to speed up.
Found a stone staircase leading down.
There is an open door here.
Jessica hits you with a +1 dagger of venom.
You are poisoned.
Jessica hits you with a +1 dagger of venom.
You closely miss Jessica.
You feel very sick.
Jessica points at you and mumbles some strange words.
Pain shoots through your body!
Lua - Auto Kill stopped.
Not in fighting shape.
You slash Jessica!
Jessica is severely wounded.
You feel sick.
Jessica gestures wildly while chanting.
Jessica blinks!
You feel sick.
You feel sick.
You hit Jessica but do no damage. Your headbutt misses Jessica.
Jessica is severely wounded.
You feel sick.
Jessica hits you with a +1 dagger of venom.
* * * LOW HITPOINT WARNING * * *
You are lethally poisoned!
It was a potion of magic.
Magic courses through your body.
* * * LOW HITPOINT WARNING * * *
You feel very sick.
Jessica hits you with a +1 dagger of venom.
You die...

#....##.#.##.........##.#
+....##.#.##.........##.##
#....##.#.##.........#....
#....##.#.##.######+##..##
#....##.#.##.#.. #....
#....##.#....#.# #....
#....##....###.# #....
#....##....'.#.# #...#
#..@.#.#.#######....
#..@.#.#..........##
#....#.........#.#..
#....#########.#.#.#
#.#+#. ........#.#.# #>
.#######..#.#.# #. .#
#..#.... #. +# #..###.#
#..# #.#


You could see Jessica (fast).

Vanquished Creatures
  Natasha (D:2)
  A worm (D:2)
  4 endoplasms
  A giant cockroach (D:1)
  7 goblins
  5 hobgoblins
  5 kobolds (D:1)
  2 quokkas
  5 ball pythons
  3 bats
  A frilled lizard (D:1)
  2 rats (D:1)
37 creatures vanquished.

Notes
Turn   | Place    | Note
-------+----------+-------------------------------------------
     0 | D:1      | Persephone the Demonspawn Berserker began the quest for the
                  | Orb.
     0 | D:1      | Reached XP level 1. HP: 18/18 MP: 1/1
    47 | D:1      | Reached skill level 3 in Axes
    83 | D:1      | Gained mutation: You have a pair of small horns on your
                  | head. [demonic ancestry]
    83 | D:1      | Reached XP level 2. HP: 24/24 MP: 2/2
   404 | D:1      | Found a faded altar of an unknown god.
   504 | D:1      | Reached ** piety under Trog
   943 | D:2      | Gained mutation: You are partially covered in yellow
                  | scales. (AC +2) [demonic ancestry]
   943 | D:2      | Reached XP level 3. HP: 26/29 MP: 3/3
  1109 | D:2      | Reached skill level 4 in Axes
  1234 | D:2      | Noticed Natasha
  1242 | D:2      | Killed Natasha
  1499 | D:2      | Reached XP level 4. HP: 28/35 MP: 4/4
  1559 | D:2      | Noticed Jessica
  1567 | D:2      | HP: 1/35 [poisoned by Jessica]
  1567 | D:2      | Slain by Jessica

Illustrated notes

Levels and vault maps discovered:
D:1:      lightli_arrival_chessboard, layout_basic,
          shapermc_ecumenical_altar_mp_ritualfount, grunt_decor_cap,
          minmay_splitting_lines, minmay_shallow_snake_nest
D:2:      layout_basic, uniq_jessica, uniq_natasha, uniq_terence

Skill      XL: |  1  2  3 |
---------------+----------+-----
Axes           | 3 4 |  4.5
Fighting       | |  3.0
Armour         | |  1.7
Dodging        | |  1.7

Action                     |  1- 3 |  4- 6 || total
---------------------------+-------+-------++-------
  Melee: Hand axe          |    93 |     3 ||    96
         Headbutt          |    12 |       ||    12
         Punch             |     1 |       ||     1
    Use: Potion            |       |     1 ||     1
   Stab: Sleeping          |     1 |       ||     1
 Armour: Animal skin       |    47 |       ||    47
         Scale mail        |     3 |     4 ||     7
  Dodge: Dodged            |    61 |       ||    61

Table legend: (Time is in decaauts)
 A = Elapsed time spent in this place.
 B = Non-inter-level travel time spent in this place.
 C = Inter-level travel time spent in this place.
 D = Time resting spent in this place.
 E = Time spent auto-exploring this place.
 F = Levels seen in this place.
 G = Mean time per level.
                   A        B        C        D        E       F      G
               +--------+--------+--------+--------+--------+-----+--------+
         Total |   1580 |   1492 |     88 |      0 |   1241 |   2 |  790.0 |
       Dungeon |   1580 |   1492 |     88 |      0 |   1241 |   2 |  790.0 |
               +--------+--------+--------+--------+--------+-----+--------+

Top non-repeatable levels by time:
     D:1: 826 daAuts
     D:2: 753 daAuts
